 Crawl Stoat Soup version 0.23-ish-327-85-gad60674979 (console) character file.

61 ceb the Grave Robber (level 4, -5/27 HPs)
             Began as a Faerie Dragon Necromancer on Mar 30, 2024.
             Slain by Sigmund
             ... wielding a +0 scythe
              (14 damage)
             ... on level 2 of the Dungeon.
             The game lasted 00:01:53 (1076 turns).

ceb the Grave Robber (Faerie Dragon Necromancer)    Turns: 1076, Time: 00:01:54

Health: -5/27      AC:  6    Str:  6    XL:     4   Next: 7%
Magic:  9/9        EV: 15    Int: 20    God:
Gold:   76         SH:  6    Dex: 12    Spells: 8/9 levels left

rFire    . . .     SeeInvis .   a - +0 short sword
rCold    . . .     Gourm    .   (shield restricted)
rNeg     . . .     Faith    .   (armour unavailable)
rPois    .         Spirit   .   (helmet restricted)
rElec    .         Warding  .   (no cloak)
rCorr    .         Reflect  .   (no gloves)
MR       .....     Harm     .   (no boots)
Stlth    +.........             (no amulet)
HPRegen  0.09/turn              (no ring)
MPRegen  0.11/turn              (no ring)

@: flying
A: small, sparkly, unfitting armour, magic attunement, magical scales, able to
fly
a: Stop Flying


You were on level 2 of the Dungeon.
You were not hungry.

You visited 1 branch of the dungeon, and saw 2 of its levels.

You collected 76 gold pieces.

Inventory:

Hand Weapons
 a - a +0 short sword (weapon)
Scrolls
 d - a scroll of teleportation {unknown}
 g - 3 scrolls of blinking {unknown}
Potions
 e - a potion of heal wounds {unknown}
 f - 2 potions of curing {unknown}
Comestibles
 b - 15 chunks of flesh
 c - 3 bread rations


   Skills:
 + Level 3.2 Dodging
 - Level 1.2 Stealth
 + Level 3.4 Spellcasting
 + Level 5.5 Necromancy


You had 8 spell levels left.
You knew the following spells:

 Your Spells              Type           Power        Failure   Level  Hunger
a - Necrotise             Necr           25/25        1%          1    None

Your spell library contained the following spells:

 Spells                   Type           Power        Failure   Level  Hunger
 Vampiric Draining        Necr           25/200       4%          3    None
 Animate Dead             Necr           N/A          14%         4    None
 Regeneration             Chrm/Necr      14/200       41%         4    None


Dungeon Overview and Level Annotations

Branches:
Dungeon (2/15)

Altars:

Annotations:
D:2 Sigmund


Innate Abilities, Weirdness & Mutations

Your sparkly wings attract attention (Stealth-).
You are small and have problems with some larger weapons.
You cannot fit into any form of body armour.
Your spells do not cause hunger; their MP costs are reduced by 1.
Your shimmering scales repel attacks (AC +6, SH +6).
You can fly continuously.


Message History

Casting: Necrotise (safe; 1% risk of failure)
Confirm with . or Enter, or press ? or * to list all spells.
Aiming: Necrotise (safe; 1% risk of failure)
Press: ? - help, Shift-Dir - straight line, p - jackal Something writhes in agony.
Your bat skeleton hits the jackal.
Your bat skeleton hits the jackal but does no damage.
The jackal bites your bat skeleton. Something hits you!
Casting: Necrotise (safe; 1% risk of failure)
Confirm with . or Enter, or press ? or * to list all spells.
Aiming: Necrotise (safe; 1% risk of failure)
Press: ? - help, Shift-Dir - straight line Nothing appears to happen.
Your bat skeleton closely misses the jackal. x2
The jackal bites your bat skeleton.
Your bat skeleton hits the jackal but does no damage.
The jackal bites your bat skeleton.
Your bat skeleton is destroyed!
Something hits you!
Ouch! That really hurt!
You die...

#≈≈ZZ..........#####
≈≈≈≈#≈@ZZ.........#
≈#≈ #{%Z..........#
≈ #hhh.......#####
#.?h..##...##
.......##...#
........##...#
#.#...!..# ..#
#........#


You could see 4 jackals, a friendly goblin skeleton, a friendly hobgoblin
skeleton and 3 friendly kobold skeletons.

Vanquished Creatures
  Robin (D:2)
  An ooze (D:1)
  4 giant cockroaches
  6 goblins
  5 hobgoblins
  5 jackals (D:1)
  A weasel (D:2)
  A ball python (D:1)
  5 bats
  3 frilled lizards (D:1)
  7 kobolds
  3 rats (D:1)
42 creatures vanquished.

Notes
Turn   | Place    | Note
-------+----------+-------------------------------------------
     0 | D:1      | ceb the Faerie Dragon Necromancer began the quest for the
                  | Orb.
     0 | D:1      | Reached XP level 1. HP: 11/11 MP: 3/3
    98 | D:1      | Reached skill level 5 in Necromancy
    98 | D:1      | Reached XP level 2. HP: 13/17 MP: 3/5
   517 | D:1      | Reached XP level 3. HP: 21/21 MP: 7/7
   900 | D:2      | Noticed Robin
   912 | D:2      | Killed Robin
  1029 | D:2      | Reached XP level 4. HP: 27/27 MP: 9/9
  1067 | D:2      | Noticed Sigmund
  1076 | D:2      | Slain by Sigmund

Vault maps used:
D:1:      dpeg_arrival_connections, chequers_serial_rivers_small_b
D:2:      first_bread, minivault_4, uniq_natasha, uniq_robin, uniq_sigmund

Skill      XL: |  1  2  3 |
---------------+----------+-----
Necromancy     | 5 |  5.5
Spellcasting   | 3 |  3.4
Dodging        | 3 |  3.2
Stealth        | |  1.2

Action                   |  1- 3 |  4- 6 || total
-------------------------+-------+-------++-------
Melee: Short sword       |     1 |     1 ||     2
 Cast: Necrotise         |    59 |     8 ||    67
Armor: Skin              |    11 |       ||    11
Dodge: Dodged            |    27 |     4 ||    31
Block: Other             |     9 |     4 ||    13

Table legend:
 A = Spawn XP
 B = Non-spawn XP
 C = Spawn XP percentage of total XP
 D = Spawn monster count
 E = Non-spawn monster count
 F = Spawn count percentage of total count
 G = Total turns spent on level
                    A         B        C        D         E        F      G
               +---------+---------+-------+---------+---------+-------+---------
         Total |      20 |      68 |  22.7 |      12 |      30 |  28.6 |  1076
               +---------+---------+-------+---------+---------+-------+---------
           D:1 |      20 |      26 |  43.5 |      12 |      15 |  44.4 |   802
           D:2 |       0 |      42 |   0.0 |       0 |      15 |   0.0 |   274
               +---------+---------+-------+---------+---------+-------+---------
